 Dungeon Crawl Stone Soup version 0.30-a0-860-g512cf1e979 (webtiles) character file.

Game seed: 13631892849001417177

4167 jasper the Cleaver (level 10, 0/73 (77) HPs)
             Began as a Demonspawn Fighter on Mar 7, 2023.
             Was an Elder of Cheibriados.
             Slain by a komodo dragon (25 damage)
             ... on level 8 of the Dungeon.
             The game lasted 00:13:11 (7197 turns).

jasper the Cleaver (Demonspawn Fighter)             Turns: 7197, Time: 00:13:12

HP:   0/73 (77)     AC: 15    Str: 27    XL:     10   Next: 7%
MP:   10/10         EV:  8    Int: 20    God:    Cheibriados [****..]
Gold: 50            SH:  0    Dex: 23    Spells: 7/9 levels left

rFire   + . .      SeeInvis .    t - +1 war axe
rCold   + . .      Faith    .    (no shield)
rNeg    + . .      Spirit   .    d - +0 plate armour
rPois   +          Reflect  .    o - +0 helmet
rElec   +          Rampage  .    (no cloak)
rCorr   +                        (no gloves)
Will    .....                    C - +0 pair of boots Stlth
                                 w - amulet of regeneration
HPRegen 2.12/turn                j - ring of positive energy
MPRegen 0.12/turn                (no ring)

@: resistant, drained, very slow
A: claws 2, powered by death 1, powered by pain 3, sturdy frame 1
a: Renounce Religion, Bend Time, Temporal Distortion, Slouch


You were on level 8 of the Dungeon.
You worshipped Cheibriados.
Cheibriados was greatly pleased with you.
You visited 1 branch of the dungeon, and saw 8 of its levels.

You collected 354 gold pieces.
You spent 304 gold pieces at shops.

Inventory:

Hand Weapons
 a - a +0 war axe
 h - a +2 vampiric hand axe
 l - a +0 flail
 q - a +0 mace of protection
 t - a +1 war axe (weapon)
Missiles
 g - 4 poisoned darts
 m - 2 curare-tipped darts (quivered)
Armour
 b - a +1 scale mail
 c - a +0 buckler
 d - a +0 plate armour (worn)
 k - an orb of guile
 o - a +0 helmet (worn)
 C - a +0 pair of boots (worn)
 D - an orb of mayhem
Jewellery
 j - a ring of positive energy (left claw)
 s - an amulet of the acrobat
 w - an amulet of regeneration (around neck)
Wands
 n - a wand of roots (11)
 v - a wand of paralysis (9)
 y - a wand of flame (23)
Scrolls
 f - 2 scrolls of blinking
 i - 4 scrolls of teleportation
 F - a scroll of fog
Potions
 p - 3 potions of haste
 u - a potion of cancellation {unknown}
 x - 4 potions of flight {unknown}
 z - 2 potions of attraction {unknown}
 A - 2 potions of brilliance {unknown}
 B - a potion of magic {unknown}
 E - 2 potions of lignification {unknown}
 G - a potion of curing


   Skills:
 + Level 6.6 Fighting
 * Level 11.2 Axes
 + Level 6.0 Armour
 - Level 2.6 Shields


You had 7 spell levels left.
You knew the following spells:

 Your Spells              Type           Power      Damage    Failure   Level
a - Wereblood             Tmut           0%         N/A       89%         2

Your spell library contained the following spells:

 Spells                   Type           Power      Damage    Failure   Level
 Magic Dart               Conj           0%         1d3       78%         1
 Sting                    Tmut/Pois      0%         1d3       78%         1
 Poisonous Vapours        Pois/Air       0%         N/A       89%         2
 Searing Ray              Conj           0%         2d4       89%         2
 Sublimation of Blood     Necr           0%         N/A       89%         2
 Fulminant Prism          Conj/Hex       0%         3d5       100%        4
 Manifold Assault         Tloc           0%         N/A       100%        4
 Olgreb's Toxic Radiance  Pois           0%         N/A       100%        4
 Dispersal                Tloc           0%         N/A       100%        6
 Summon Hydra             Summ           0%         N/A       100%        7
 Disjunction              Tloc           0%         N/A       100%        8


Dungeon Overview and Level Annotations

Branches:
Dungeon (8/15)             Temple (0/1) D:7
   Lair: D:8-11

Altars:
Cheibriados
Dithmenos
Nemelex Xobeh
Okawaru
Qazlal
Xom
Yredelemnul

Shops:
D:4 (   D:5 (   D:7 *

Annotations:
D:6 2 runed translucent doors, Crazy Yiuf; cforsyth's ghost, novice DEEE


Innate Abilities, Weirdness & Mutations

You have very sharp fingernails.
You regenerate a little health from kills.
You are powered by pain.
Your movements are slightly less encumbered by armour. (ER -2)


Message History

The human hits you with a +0 long sword.
You take 1 damage, and have 43/70 hp.
You slash something!
Cheibriados thoroughly appreciates the change of pace.
Reactivating autopickup.
You feel a bit more experienced.
You hit the human.
A komodo dragon comes into view.
The human hits you but does no damage.
Your Armour skill increases to level 6!
You regained 2 hp, and now have 45/73 hp.
You barely miss the human.
The komodo dragon hisses angrily.
The human hits you but does no damage.
You regained 2 hp, and now have 47/73 hp.
You slash the komodo dragon!
The komodo dragon is moderately wounded.
You closely miss the human. The komodo dragon bites you!!
The human hits you but does no damage.
You take 24 damage, and have 23/73 hp.
MASSIVE DAMAGE!!
You hit the komodo dragon but do no damage.
The komodo dragon is moderately wounded.
You hit the human. The komodo dragon bites you!
* * * LOW HITPOINT WARNING * * *
The human barely misses you.
You take 8 damage, and have 15/73 hp.
You feel much better. The komodo dragon bites you.
The human hits you with a +0 long sword.
You regained 15 hp, and now have 30/73 hp.
You hit the komodo dragon.
The komodo dragon is heavily wounded.
You barely miss the human. The komodo dragon bites you!
The human hits you but does no damage.
You take 7 damage, and have 23/73 hp.
You closely miss the komodo dragon.
The komodo dragon is heavily wounded.
You hit the human.
You kill the human!
Cheibriados appreciates the change of pace.
The komodo dragon bites you!!
You die...

##(......+......(...........###
###..######........########..#
#<...# #........# #...#..###
###.## #........# #.#.#.....
.... .. ........####.#.#...##
#.........$#.###.............#
#..................###.#.#...#
##.###...#.###l###.#.........#
#.# ... #@# #........#..# ...
.. #)# #....>##.#..# ...
#.....#.......
.._..#.###.####.#.# #######.#
#.# .... ..# #.# #. .#.# .#
#.#.


You could see a komodo dragon.

Vanquished Creatures
  Pikel (D:5)
  Joseph (D:6)
  Maggie (D:8)
  Sigmund (D:5)
  2 humans (D:8)
  3 water moccasins
  An orc warrior (D:6)
  An ice beast (D:6)
  2 black bears
  3 ogres
  2 lemures (D:5)
  2 centaurs (D:7)
  A phantom (D:4)
  3 kobold brigands (D:7)
  A scorpion (D:4)
  7 wights (D:7)
  4 crimson imps (D:3)
  A jelly (D:4)
  A centaur zombie (D:7)
  2 orc priests
  A gnoll bouda (D:7)
  4 hounds
  3 sleepcaps
  4 iguanas
  4 orc wizards
  A killer bee zombie (D:7)
  7 gnolls
  9 adders
  2 shadow imps
  4 white imps
  3 worms
  3 dart slugs
  26 orcs
  14 endoplasms
  4 giant cockroaches
  11 goblins
  16 hobgoblins
  9 jackals
  3 quokkas
  2 ball pythons (D:1)
  5 bats
  3 frilled lizards
  24 kobolds
  3 rats
205 creatures vanquished.

Vanquished Creatures (others)
  6 fungi (D:8)
  7 plants
13 creatures vanquished.

Grand Total: 218 creatures vanquished

Notes
Turn   | Place    | Note
-------+----------+-------------------------------------------
     0 | D:1      | jasper the Demonspawn Fighter began the quest for the Orb.
     0 | D:1      | Reached XP level 1. HP: 18/18 MP: 1/1
    79 | D:1      | Reached skill level 2 in Axes
   370 | D:1      | Gained mutation: You regenerate a little health from kills.
                  | [demonic ancestry]
   370 | D:1      | Reached XP level 2. HP: 24/24 MP: 2/2
   706 | D:1      | Reached skill level 3 in Axes
   848 | D:1      | Reached XP level 3. HP: 6/29 MP: 3/3
  1692 | D:2      | Gained mutation: You have sharp fingernails. [demonic
                  | ancestry]
  1692 | D:2      | Reached XP level 4. HP: 35/35 MP: 4/4
  1694 | D:2      | Reached skill level 4 in Axes
  2638 | D:3      | Found a shimmering altar of Xom.
  2649 | D:3      | Reached XP level 5. HP: 41/41 MP: 5/5
  2698 | D:3      | Reached skill level 5 in Axes
  3000 | D:3      | Gained mutation: You have very sharp fingernails. [demonic
                  | ancestry]
  3000 | D:3      | Reached XP level 6. HP: 45/47 MP: 6/6
  3112 | D:4      | Found Yssepuf's Weapon Shoppe.
  3131 | D:4      | Found a stormy altar of Qazlal.
  3142 | D:4      | Reached skill level 6 in Axes
  3493 | D:4      | Found a shadowy altar of Dithmenos.
  4084 | D:4      | Found a snail-covered altar of Cheibriados.
  4128 | D:4      | Became a worshipper of Cheibriados the Contemplative
  4176 | D:5      | Entered Level 5 of the Dungeon
  4327 | D:5      | Reached skill level 7 in Axes
  4327 | D:5      | Gained mutation: You sometimes gain a little power by
                  | taking damage. [demonic ancestry]
  4327 | D:5      | Reached XP level 7. HP: 52/52 MP: 7/7
  4403 | D:5      | Noticed Sigmund
  4452 | D:5      | Killed Sigmund
  4453 | D:5      | Reached skill level 8 in Axes
  4580 | D:5      | Noticed Pikel
  4594 | D:5      | Killed Pikel
  4595 | D:5      | Gained mutation: You sometimes gain power by taking damage.
                  | [demonic ancestry]
  4595 | D:5      | Reached XP level 8. HP: 37/60 MP: 8/8
  4695 | D:5      | Found Xoskeg's Weapon Boutique.
  4705 | D:5      | Bought 3 curare-tipped darts for 43 gold pieces
  4894 | D:5      | Reached skill level 9 in Axes
  5301 | D:6      | Reached * piety under Cheibriados
  5348 | D:6      | Found a runed translucent door.
  5349 | D:6      | Noticed Crazy Yiuf
  5546 | D:6      | Gained mutation: You are powered by pain. [demonic
                  | ancestry]
  5546 | D:6      | Reached XP level 9. HP: 20/67 MP: 9/9
  5602 | D:6      | Found a runed translucent door.
  5610 | D:6      | Reached skill level 5 in Fighting
  5658 | D:6      | Learned a level 2 spell: Wereblood
  5819 | D:6      | Found a sparkling altar of Nemelex Xobeh.
  5901 | D:6      | Noticed cforsyth's ghost (novice DEEE)
  6002 | D:7      | Noticed Joseph
  6015 | D:6      | Killed Joseph
  6016 | D:6      | Reached skill level 10 in Axes
  6016 | D:6      | Reached skill level 5 in Armour
  6073 | D:7      | Reached ** piety under Cheibriados
  6154 | D:7      | Found a staircase to the Ecumenical Temple.
  6506 | D:7      | Reached *** piety under Cheibriados
  6766 | D:7      | Found Qauzxy's Assorted Antiques.
  6774 | D:7      | Bought a scroll of blinking for 172 gold pieces
  6774 | D:7      | Bought a scroll of teleportation for 69 gold pieces
  6774 | D:7      | Bought a glowing white potion for 20 gold pieces
  6889 | D:7      | Reached **** piety under Cheibriados
  6899 | D:7      | Reached skill level 11 in Axes
  6970 | D:7      | Found a basalt altar of Yredelemnul.
  7160 | D:8      | Noticed Maggie
  7160 | D:8      | Paralysed by something for 2 turns
  7163 | D:8      | Found an iron altar of Okawaru.
  7170 | D:8      | Paralysed by something for 5 turns
  7181 | D:8      | Gained mutation: Your movements are slightly less
                  | encumbered by armour. (ER -2) [demonic ancestry]
  7181 | D:8      | Reached XP level 10. HP: 49/74 MP: 10/10
  7191 | D:8      | Killed Maggie
  7197 | D:8      | Slain by a komodo dragon

Illustrated notes

Levels and vault maps discovered:
D:1:      spicycebolla_green_bress_n_ham, layout_loops_corners,
          nicolae_figureground_sparkle
D:2:      layout_basic
D:3:      layout_basic, led_xom_imps
D:4:      layout_loops_corners, mainiacjoe_overflow_six_doors_small,
          mainiacjoe_overflow_catwalk_spiral, serial_shops, shop
D:5:      layout_basic, serial_shops, nicolae_shop_waterfront,
          minmay_misc_feat_five, uniq_sigmund, uniq_pikel
D:6:      layout_cave_pools, nemelex_dance_club_becter, lemuel_crystal_altar,
          ebering_ghost_sewer_d, grunt_ministairs_11, uniq_crazy_yiuf_cottage
D:7:      corexii_shantytown, layout_basic, lemuel_zombie_altar_yredelemnul,
          minmay_temple_entry_junction, serial_shops, shop_fountains,
          grunt_decor_resistance, uniq_joseph
D:8:      layout_basic, okawaru_humans, kennysheep_mini,
          grunt_lair_entry_orc_guard_hut, serial_shops, nicolae_lakefront_shop,
          uniq_maggie

Skill      XL: |  1  2  3  4  5  6  7  8  9 10 |
---------------+-------------------------------+-----
Axes           | 2 3 4 5 7 8 9 11 | 11.2
Armour         | 3 4 5 6 |  6.0
Fighting       | 4 6 |  6.6
Shields        | |  2.6

Action                     |  1- 3 |  4- 6 |  7- 9 | 10-12 || total
---------------------------+-------+-------+-------+-------++-------
  Melee: War axe           |    94 |   187 |   321 |    15 ||   617
         Punch             |     3 |     1 |     3 |       ||     7
  Throw: Stone             |     2 |    13 |    10 |       ||    25
         Dart              |       |       |    16 |       ||    16
  Evoke: Wand              |       |       |     2 |       ||     2
    Use: Scroll            |     5 |     4 |     6 |       ||    15
         Potion            |       |       |     7 |     1 ||     8
 Armour: Scale mail        |    55 |   122 |    78 |       ||   255
         Plate armour      |       |       |   125 |    11 ||   136
  Dodge: Dodged            |    52 |   114 |   121 |     4 ||   291

Table legend: (Time is in decaauts)
 A = Elapsed time spent in this place.
 B = Non-inter-level travel time spent in this place.
 C = Inter-level travel time spent in this place.
 D = Time resting spent in this place.
 E = Time spent auto-exploring this place.
 F = Levels seen in this place.
 G = Mean time per level.
                   A        B        C        D        E       F      G
               +--------+--------+--------+--------+--------+-----+--------+
         Total |   8232 |   7768 |    464 |    666 |   5070 |   8 | 1029.0 |
       Dungeon |   8232 |   7768 |    464 |    666 |   5070 |   8 | 1029.0 |
               +--------+--------+--------+--------+--------+-----+--------+

Top non-repeatable levels by time:
     D:7: 1483 daAuts
     D:1: 1178 daAuts
     D:3: 1115 daAuts
     D:4: 1108 daAuts
     D:5: 1093 daAuts
     D:6: 1086 daAuts
     D:2: 981 daAuts
     D:8: 186 daAuts
